 Dungeon Crawl Stone Soup version 0.23-a0-619-g281719c (webtiles) character file.

184 zishaf the Digger (level 5, -5/45 HPs)
             Began as a Deep Dwarf Earth Elementalist on Dec 23, 2018.
             Slain by a two-headed ogre
             ... wielding a +0 giant spiked club
              (13 damage)
             ... on level 3 of the Dungeon.
             The game lasted 00:03:45 (1907 turns).

zishaf the Digger (Deep Dwarf Earth Elementalist)   Turns: 1907, Time: 00:03:45

Health: -5/45      AC:  3    Str: 12    XL:     5   Next: 36%
Magic:  1/7        EV: 12    Int: 16    God:
Gold:   32         SH:  5    Dex: 13    Spells: 7/8 levels left

rFire    . . .     SeeInvis .   n - +0 war axe
rCold    . . .     Gourm    .   f - +0 buckler
rNeg     . . .     Faith    .   l - +0 leather armour
rPois    .         Spirit   .   (no helmet)
rElec    .         Reflect  .   (no cloak)
rCorr    .         Harm     .   (no gloves)
MR       .....                  (no boots)
Stlth    ++........             (no amulet)
HPRegen  0.00/turn              (no ring)
MPRegen  0.10/turn              (no ring)

@: non-regenerating
A: damage resistance, heal wounds, sense surroundings 1, no regeneration
a: Heal Wounds


You were on level 3 of the Dungeon.
You were very hungry.

You visited 1 branch of the dungeon, and saw 3 of its levels.

You collected 32 gold pieces.

Inventory:

Hand Weapons
 n - a +0 war axe (weapon)
Missiles
 b - 16 stones (quivered)
Armour
 c - a +0 robe
 f - a +0 buckler (worn)
 l - a +0 leather armour (worn)
 s - a +0 chain mail
Wands
 i - a wand of scattershot (5)
 p - a wand of random effects (16)
Scrolls
 e - a scroll of identify {unknown}
 g - a scroll of enchant armour {unknown}
 k - 2 scrolls of fear {unknown}
 o - a scroll of noise {unknown}
Potions
 h - a potion of magic {unknown}
 j - a potion of flight {unknown}
 m - a potion of agility {unknown}
 q - a potion of berserk rage {unknown}
 r - a potion of lignification {unknown}
Comestibles
 d - 3 rations


   Skills:
 + Level 2.0 Fighting
 - Level 2.3 Dodging
 - Level 3.1 Stealth
 * Level 3.3 Shields
 - Level 2.0 Spellcasting
   Level 0.8 Transmutations
 + Level 5.2 Earth Magic


You had 7 spell levels left.
You knew the following spells:

 Your Spells              Type           Power        Failure   Level  Hunger
a - Sandblast             Erth           ###...       3%          1    #......

Your spell library contained the following spells:

 Spells                   Type           Power        Failure   Level  Hunger
 Passwall                 Tmut/Erth      ##......     13%         2    ###....
 Stone Arrow              Conj/Erth      #.....       30%         3    ###....
 Petrify                  Tmut/Erth      ##......     63%         4    #####..
 Lee's Rapid Deconstruct  Erth           ###.......   67%         5    ######.


Dungeon Overview and Level Annotations

Branches:
Dungeon (3/15)

Altars:
Cheibriados


Innate Abilities, Weirdness & Mutations

You are resistant to damage.
You can heal yourself by infusing magical energy.
You passively map a small area around you.
You do not regenerate.


Message History

b - 17 stones The two-headed ogre hits you with a +0 giant spiked club!
* * * LOW HITPOINT WARNING * * *
The two-headed ogre closely misses you. The goblin hits you but does no damage.
The hobgoblin closely misses you. You block the adder's attack.
The orc priest closely misses you. You block the rat's attack.
Casting: Sandblast (safe; 3% risk of failure)
Confirm with . or Enter, or press ? or * to list all spells.
Aiming: Sandblast (safe; 3% risk of failure)
Press: ? - help, Shift-Dir - straight line, f/p - adder
Aim: an adder (lightly wounded)
The blast of sand hits the adder.
The adder is severely wounded.
b - 16 stones A rat comes into view.
The adder misses you. The goblin hits you but does no damage.
The hobgoblin hits you but does no damage.
The two-headed ogre barely misses you.
The two-headed ogre hits you with a +0 giant club!
You die...

)w.. , , * * *
....
#..........####
, .... *
#.........!#..r
....,
#.............*
....
#............ *
* ....
...........# *
....
...........# *
....
#.....Sgr..#,*
....,
......o@g..#,
....
*.....aOo.....#
####
............##
..
.###.##....##
#.. , ,#.
...#.# * ###. .
.#.#.# # . .,..
#* * . , , ##
.. .. , * *


You could see a two-headed ogre, a worker ant, an orc priest, an adder, an orc,
a hobgoblin, a goblin and 2 rats.

Vanquished Creatures
  Terence (D:2)
  Natasha (thrice) (D:2)
  A worker ant (D:2)
  A hound skeleton (D:3)
  An adder (D:2)
  4 dart slugs
  2 orcs (D:3)
  3 giant cockroaches
  5 goblins
  4 hobgoblins
  2 kobolds
  2 ball pythons (D:2)
  A bat (D:2)
  A frilled lizard (D:2)
  4 rats
35 creatures vanquished.

Notes
Turn   | Place    | Note
-------+----------+-------------------------------------------
     0 | D:1      | zishaf the Deep Dwarf Earth Elementalist began the quest
                  | for the Orb.
     0 | D:1      | Reached XP level 1. HP: 15/15 MP: 3/3
   215 | D:1      | Reached XP level 2. HP: 24/24 MP: 0/4
   994 | D:2      | Reached skill level 1 in Shields
  1071 | D:2      | Reached skill level 1 in Fighting
  1071 | D:2      | Reached XP level 3. HP: 21/31 MP: 0/6
  1457 | D:2      | Noticed Natasha
  1462 | D:2      | Killed Natasha
  1462 | D:2      | Reached XP level 4. HP: 26/38 MP: 4/7
  1506 | D:2      | You fall through a shaft!
  1506 | D:3      | Found a snail-covered altar of Cheibriados.
  1557 | D:2      | Noticed Natasha
  1560 | D:2      | Killed Natasha
  1610 | D:2      | Noticed Natasha
  1612 | D:2      | Killed Natasha
  1612 | D:2      | Reached skill level 5 in Earth Magic
  1643 | D:2      | Noticed Terence
  1660 | D:2      | Killed Terence
  1660 | D:2      | Reached XP level 5. HP: 19/45 MP: 1/8
  1833 | D:3      | Noticed a two-headed ogre
  1907 | D:3      | Slain by a two-headed ogre

Vault maps used:
D:1:      dpeg_arrival_chambers_temple_mockup
D:2:      uniq_terence, uniq_natasha
D:3:      gammafunk_ghost_gnarly_gnolls, cheibriados_altar_1

Skill      XL: |  1  2  3  4  5 |
---------------+----------------+-----
Spellcasting   | 2 |  2.0
Shields        | 1 2 3 |  3.3
Fighting       | 1 2 |  2.0
Stealth        | 3 |  3.1
Earth Magic    | 5 |  5.2
Dodging        | |  2.3
Transmutations | |  0.8

Action                   |  1- 3 |  4- 6 || total
-------------------------+-------+-------++-------
Melee: Short sword       |     5 |       ||     5
       War axe           |     1 |     9 ||    10
Throw: Stone             |     1 |       ||     1
 Cast: Sandblast         |    43 |    26 ||    69
 Abil: Heal Wounds       |       |     1 ||     1
  Eat: Chunk             |     2 |     1 ||     3
Armor: Leather armour    |     1 |     7 ||     8
Dodge: Dodged            |    11 |    30 ||    41
Block: Buckler           |     3 |    14 ||    17

Table legend:
 A = Non-vault XP
 B = Vault XP
 C = Vault XP percentage of total XP
 D = Non-vault monster count
 E = Vault monster count
 F = Vault count percentage of total count
                 A         B        C        D         E       F
            +---------+---------+-------+---------+---------+-------
      Total |     194 |      69 |  26.2 |      33 |       2 |   5.7
            +---------+---------+-------+---------+---------+-------
        D:1 |      20 |       0 |   0.0 |       9 |       0 |   0.0
        D:2 |     147 |      69 |  31.9 |      20 |       2 |   9.1
        D:3 |      27 |       0 |   0.0 |       4 |       0 |   0.0
            +---------+---------+-------+---------+---------+-------
